 Dungeon Crawl Stone Soup version 0.32-a0-765-gfba4d74c8c (webtiles) character file.

Game seed: 1441629527714124322

3 GordonOverkill the Sneak (level 1, 0/18 HPs)
             Began as a Demonspawn Delver on Mar 18, 2024.
             Constricted to death by a ball python (1 damage)
             ... on level 3 of the Dungeon.
             The game lasted 00:01:14 (68 turns).

GordonOverkill the Sneak (Demonspawn Delver)          Turns: 68, Time: 00:01:14

Health: 0/18       AC:  3    Str: 12    XL:     1   Next: 41%
Magic:  1/1        EV:  0    Int: 10    God:
Gold:   0          SH:  0    Dex: 14    Spells: 0/0 levels left

rFire   . . .        a - +0 hand axe
rCold   . . .        (no shield)
rNeg    . . .        b - +0 leather armour
rPois   .            (no helmet)
rElec   .            (no cloak)
rCorr   .            (no gloves)
SInv    .            (no boots)
Will    .....        (no amulet)
Stlth   ++           (no ring)
HPRegen 0.23/turn    (no ring)
MPRegen 0.07/turn

%: no passive effects
@: constricted
A: no striking features
a: no special abilities


You were on level 3 of the Dungeon.
You visited 1 branch of the dungeon, and saw 4 of its levels.

Inventory:

Hand Weapons
 a - a +0 hand axe (weapon)
Armour
 b - a +0 leather armour (worn)
Wands
 g - a wand of digging (3)
Scrolls
 c - a scroll of fog
 d - a scroll of revelation
 e - a scroll of fear
Potions
 f - a potion of haste


   Skills:
 - Level 3.0 Fighting
 + Level 2.1 Axes
 - Level 1.7 Dodging
 - Level 4.5 Stealth


You couldn't memorise any spells.
You didn't know any spells.
Your spell library contained the following spells:

 Spells                   Type           Power      Damage    Failure   Level
 Apportation              Tloc           0%         N/A       43%         1
 Jinxbite                 Hex            0%         N/A       58%         2
 Alistair's Intoxication  Alch           0%         N/A       100%        5


Dungeon Overview and Level Annotations

Branches:
Dungeon (6/15)
 Temple: D:4-7

Altars:


Message History

You hit the giant cockroach.
The giant cockroach is heavily wounded.
The giant cockroach barely misses you.
The giant cockroach bites you but does no damage.
You hit the giant cockroach.
You kill the giant cockroach!
No target in view!
No target in view!
No target in view!
You climb upwards.
The orc shouts!
The ball python hisses angrily.
There is a stone staircase leading down here.
The goblin shouts!
The orc hits you with a +0 falchion. The ball python closely misses you.
The ball python grabs you.
You stop descending the stairs.
The ball python constricts you.
* * * LOW HITPOINT WARNING * * *
You hit the ball python but do no damage.
You barely miss the orc. The orc hits you with a +0 falchion.
* * * LOW HITPOINT WARNING * * *
The ball python bites you.
* * * LOW HITPOINT WARNING * * *
The ball python constricts you.
* * * LOW HITPOINT WARNING * * *
The quokka bites you but does no damage.
You hit the ball python.
The ball python is moderately wounded.
You closely miss the quokka. You hit the goblin.
You kill the goblin!
You hit the orc. The ball python bites you.
* * * LOW HITPOINT WARNING * * *
The ball python constricts you.
* * * LOW HITPOINT WARNING * * *
The orc hits you with a +0 falchion.
* * * LOW HITPOINT WARNING * * *
The quokka bites you.
* * * LOW HITPOINT WARNING * * *
The ball python bites you but does no damage.
The ball python constricts you.
You die...

..
#####
##.
....
.. ...
#.#
#.. ..
#..#.#
#.Sr#
#.@.#
#)o##
#..#
...#
#...#
#....
#.^..
#....


You could see an orc, a quokka and a ball python.

Vanquished Creatures
  A giant cockroach (D:4)
  2 goblins
  A ball python (D:4)
4 creatures vanquished.

Notes
Turn   | Place    | Note
-------+----------+-------------------------------------------
     0 | D:5      | GordonOverkill the Demonspawn Delver began the quest for
                  | the Orb.
     0 | D:5      | Reached XP level 1. HP: 18/18 MP: 1/1
     8 | D:6      | Noticed a bombardier beetle
     8 | D:6      | Noticed a scorpion
    68 | D:3      | Constricted to death by a ball python

Illustrated notes

Levels and vault maps discovered:
D:3:      layout_basic
D:4:      layout_loops_corners
D:5:      minmay_opposing_rooms, layout_basic, lemuel_coloured_pillars_altar,
          skrybe_limestone_x
D:6:      minmay_cornered_nines, layout_basic, nicolae_elyvilon_temple_path,
          nicolae_uskayaw_en_pointe, cheibrodos_sewer_entry_bend, serial_shops,
          shop, nicolae_fountain_basement, uniq_sigmund

Skill      XL: |  1 |
---------------+----+-----
Axes           | 2 |  2.1
Fighting       | |  3.0
Dodging        | |  1.7
Stealth        | |  4.5

Action                     || total
---------------------------++-------
  Melee: Hand axe          ||     7
   Stab: Sleeping          ||     1
 Armour: Leather armour    ||    15
  Dodge: Dodged            ||     3

Table legend: (Time is in decaauts)
 A = Elapsed time spent in this place.
 B = Non-inter-level travel time spent in this place.
 C = Inter-level travel time spent in this place.
 D = Time resting spent in this place.
 E = Time spent auto-exploring this place.
 F = Levels seen in this place.
 G = Mean time per level.
                   A        B        C        D        E       F      G
               +--------+--------+--------+--------+--------+-----+--------+
         Total |     70 |     70 |      0 |      8 |      0 |   4 |   17.5 |
       Dungeon |     70 |     70 |      0 |      8 |      0 |   4 |   17.5 |
               +--------+--------+--------+--------+--------+-----+--------+

Top non-repeatable levels by time:
     D:4: 33 daAuts
     D:5: 26 daAuts
     D:3: 8 daAuts
     D:6: 1 daAuts
